 Dungeon Crawl Stone Soup version 0.29-a0-982-gaed3a0c8d8 (webtiles) character file.

Game seed: 17765677884030096893

133 vurker the Insei (level 5, 0/26 HPs)
             Began as a Vine Stalker Enchanter on Aug 1, 2022.
             Killed from afar by Natasha (3 damage)
             ... with a magic dart
             ... on level 3 of the Dungeon.
             The game lasted 00:03:49 (2358 turns).

vurker the Insei (Vine Stalker Enchanter)           Turns: 2358, Time: 00:03:50

Health: 0/26       AC:  8    Str: 12    XL:     5   Next: 16%
Magic:  0/9        EV: 10    Int: 15    God:
Gold:   34         SH:  0    Dex: 15    Spells: 8/8 levels left

rFire   . . .      SeeInvis .   j - +1 dagger (pain)
rCold   . . .      Faith    .   (no shield)
rNeg    . . .      Spirit   +   e - +3 ring mail
rPois   .          Reflect  .   (no helmet)
rElec   .          Harm     .   (no cloak)
rCorr   .          Rampage  .   (no gloves)
Will    .....                   (no boots)
Stlth   ++........              (no amulet)
HPRegen 0.88/turn               (no ring)
MPRegen 0.11/turn               (no ring)

@: no status effects
A: fangs 2, regeneration 1, magic shield, antimagic bite, no potion heal 2
a: no special abilities


You were on level 3 of the Dungeon.
You visited 1 branch of the dungeon, and saw 3 of its levels.

You collected 62 gold pieces.
You spent 28 gold pieces at shops.

Inventory:

Hand Weapons
 b - the +7 dagger "Unuhat" {vorpal, *Corrode Int+3 Dex+5}
   (You found it on level 2 of the Dungeon)

   It inflicts extra damage upon your enemies.
   Int:       It affects your intelligence (+3).
   Dex:       It affects your dexterity (+5).
   *Corrode:  It may corrode you when you take damage.
 j - a +1 dagger of pain (weapon)
   (You took it off a goblin on level 1 of the Dungeon)
Armour
 e - a +3 ring mail (worn)
   (You found it on level 2 of the Dungeon)
Scrolls
 f - 2 scrolls of identify
 g - a scroll of vulnerability {unknown}
 h - 2 scrolls of fear {unknown}
 i - a scroll of silence {unknown}
 m - a scroll of acquirement {unknown}
Potions
 a - a potion of berserk rage {unknown}
 c - 2 potions of invisibility
 d - a potion of heal wounds {unknown}
 k - 2 potions of ambrosia
 l - a potion of magic {unknown}


   Skills:
 + Level 2.1 Fighting
 - Level 0.8 Short Blades
 - Level 1.5 Dodging
 - Level 3.6 Stealth
 * Level 3.7 Unarmed Combat
 - Level 2.1 Spellcasting
 - Level 3.0 Hexes


You had 8 spell levels left.
You didn't know any spells.
Your spell library contained the following spells:

 Spells                   Type           Power      Damage    Failure   Level
 Ensorcelled Hibernation  Hex/Ice        12%        N/A       38%         2
 Confusing Touch          Hex            10%        N/A       41%         3
 Tukima's Dance           Hex            10%        N/A       41%         3
 Apportation              Tloc           2%         N/A       45%         1
 Freeze                   Ice            4%         1d3       45%         1
 Shock                    Conj/Air       4%         1d3       45%         1
 Sublimation of Blood     Necr           1%         N/A       58%         2
 Wereblood                Tmut           1%         N/A       58%         2
 Dazzling Flash           Conj/Hex       12%        N/A       63%         3
 Frozen Ramparts          Ice            2%         1d8       83%         3
 Ignite Poison            Fire/Tmut/Pois 1%         N/A       83%         3
 Mephitic Cloud           Conj/Pois/Air  1%         N/A       83%         3
 Swiftness                Air            1%         N/A       83%         3
 Airstrike                Air            0%         0-2+      99%         4
 Hailstorm                Conj/Ice       1%         3d3       99%         4
 Alistair's Intoxication  Tmut/Pois      0%         N/A       100%        5
 Freezing Cloud           Conj/Ice/Air   0%         6-21      100%        5
 Summon Hydra             Summ           0%         N/A       100%        7


Dungeon Overview and Level Annotations

Branches:
Dungeon (3/15)

Altars:
Elyvilon

Shops:
D:2 ?

Annotations:
D:3 Natasha


Innate Abilities, Weirdness & Mutations

You have extremely sharp teeth.
Your natural rate of healing is unusually fast.
When hurt, damage is shared between your health and your magic reserves.
Your bite disrupts and absorbs the magic of your enemies.
Potions cannot restore your health.


Message History

The orc closely misses you.
You hit the orc but do no damage. Your bite misses the orc.
The orc closely misses you.
You barely miss the orc. Your punch misses the orc.
The orc hits you but does no damage.
You barely miss the orc. You bite the orc, but do no damage.
The orc barely misses you.
You barely miss the orc. The orc hits you but does no damage.
You hit the orc but do no damage. You punch the orc.
You bite the orc, but do no damage. The orc closely misses you.
You hit the orc.
You kill the orc!
No target in view!
No target in view!
No target in view!
No target in view!
No target in view!
No target in view!
No target in view!
No target in view!
No target in view!
No target in view!
No target in view!
No target in view!
You start resting.
You climb downwards.
Level annotation: Natasha Natasha stares at you and mumbles some strange words.
The magic dart hits you.
There is a stone staircase leading up here.
Natasha casts a spell.
Natasha casts a spell at you.
The magic dart hits you but does no damage.
Natasha claws you but does no damage.
You closely miss Natasha. Natasha claws you.
You hit Natasha. The shadow imp barely misses you.
Natasha zaps a wand.
The bolt of dispelling energy hits you!!
Ouch! That really hurt!
* * * LOW HITPOINT WARNING * * *
You hit Natasha but do no damage. You bite Natasha, but do no damage.
The shadow imp gestures at you. Pain shoots through your body!
* * * LOW HITPOINT WARNING * * *
Natasha claws you.
* * * LOW HITPOINT WARNING * * *
You miss Natasha. The shadow imp closely misses you.
Natasha stares at you and mumbles some strange words.
The magic dart hits you.
You die...

#.##...#..# #......#..+
#...#..#..# #<.....)..##
.. #...#####..###'###...
.............<...........
....#.#####.....#.#......
................##o# ....
..........5@....##o# .....
..........h.....##.#..$...
...........#....##...$..#
.......#.##......[.....#
... #. #............# ..
#. #.###....##### . # #.#
#....# #.# #....# ..
#....#


You could see Natasha and a shadow imp (summoned).

Vanquished Creatures
  An orc wizard (D:2)
  3 adders (D:2)
  2 dart slugs (D:1)
  9 orcs
  6 endoplasms
  A giant cockroach (D:2)
  7 goblins
  5 hobgoblins
  10 jackals
  3 quokkas (D:1)
  5 ball pythons
  A bat (D:2)
  4 frilled lizards
  2 kobolds (D:1)
  4 rats
63 creatures vanquished.

Notes
Turn   | Place    | Note
-------+----------+-------------------------------------------
     0 | D:1      | vurker the Vine Stalker Enchanter began the quest for the
                  | Orb.
     0 | D:1      | Reached XP level 1. HP: 9/9 MP: 4/4
    24 | D:1      | Reached skill level 1 in Unarmed Combat
   174 | D:1      | Reached XP level 2. HP: 12/14 MP: 6/6
   528 | D:1      | Reached skill level 1 in Fighting
   772 | D:1      | Reached XP level 3. HP: 12/18 MP: 3/7
   946 | D:1      | Found a faded altar of an unknown god.
  1311 | D:2      | Found a white marble altar of Elyvilon.
  1348 | D:2      | Found Vemycve's Magic Scroll Shop.
  1546 | D:2      | Bought a scroll of identify for 28 gold pieces
  1704 | D:2      | Identified the +7 dagger "Unuhat" {vorpal, *Corrode Int+3
                  | Dex+5}
  1986 | D:2      | Gained mutation: Your natural rate of healing is unusually
                  | fast. [Vine Stalker growth]
  1986 | D:2      | Reached XP level 4. HP: 19/22 MP: 5/8
  2223 | D:3      | Noticed Natasha
  2236 | D:2      | Reached XP level 5. HP: 25/26 MP: 3/9
  2358 | D:3      | Killed from afar by Natasha

Illustrated notes

Levels and vault maps discovered:
D:1:      evilmike_arrival_crescent, layout_loops_ring,
          hellmonk_ecumenical_altar_crossroads
D:2:      layout_basic, basic_altar, serial_shops, nicolae_shop_statue_plus
D:3:      layout_basic, dancing_weapons_uskayaw,
          mainiacjoe_overflow_surrounded_room, minmay_box_of_dots, uniq_terence,
          uniq_natasha

Skill      XL: |  1  2  3  4 |
---------------+-------------+-----
Unarmed Combat | 1 2 3 |  3.7
Fighting       | 1 2 |  2.1
Short Blades   | |  0.8
Dodging        | |  1.5
Stealth        | |  3.6
Spellcasting   | |  2.1
Hexes          | |  3.0

Action                   |  1- 3 |  4- 6 || total
-------------------------+-------+-------++-------
Melee: Dagger            |    93 |   150 ||   243
       Bite              |    21 |    43 ||    64
       Punch             |     1 |     3 ||     4
  Use: Scroll            |     2 |       ||     2
 Stab: Sleeping          |    16 |       ||    16
Armor: Robe              |     5 |       ||     5
       Ring mail         |     3 |   137 ||   140
Dodge: Dodged            |    53 |   147 ||   200

Table legend: (Time is in decaauts)
 A = Elapsed time spent in this place.
 B = Non-inter-level travel time spent in this place.
 C = Inter-level travel time spent in this place.
 D = Time resting spent in this place.
 E = Time spent auto-exploring this place.
 F = Levels seen in this place.
 G = Mean time per level.
                   A        B        C        D        E       F      G
               +--------+--------+--------+--------+--------+-----+--------+
         Total |   2351 |   2278 |     73 |    169 |   1577 |   3 |  783.7 |
       Dungeon |   2351 |   2278 |     73 |    169 |   1577 |   3 |  783.7 |
               +--------+--------+--------+--------+--------+-----+--------+

Top non-repeatable levels by time:
     D:1: 1419 daAuts
     D:2: 820 daAuts
     D:3: 112 daAuts
